 Dungeon Crawl Stone Soup version 0.29.0-4-gdea44cf6ec (webtiles) character file.

Game seed: 12844220004673428470

431 qw the Chopper (level 7, -5/41 HPs)
             Began as a Tengu Warper on Aug 28, 2022.
             Slain by a mummy (11 damage)
             ... in an ossuary.
             The game lasted 00:00:30 (5480 turns).

qw the Chopper (Tengu Warper)                       Turns: 5480, Time: 00:00:30

Health: -5/41      AC:  9    Str: 13    XL:     7   Next: 0%
Magic:  11/11      EV:  7    Int: 13    God:
Gold:   139        SH:  0    Dex: 14    Spells: 10/10 levels left

rFire   . . .      SeeInvis .   Y - +0 war axe
rCold   . . .      Faith    .   (no shield)
rNeg    . . .      Spirit   .   h - +0 chain mail
rPois   .          Reflect  .   (helmet restricted)
rElec   .          Harm     .   f - +0 cloak
rCorr   .          Rampage  .   (no gloves)
Will    .....                   (boots unavailable)
Stlth   ..........              (no amulet)
HPRegen 0.13/turn               (no ring)
MPRegen 0.12/turn               (no ring)

@: about to teleport, flying quickly and evasively, quick
A: beak, talons 3, nimble flight, mutation resistance 1
a: no special abilities


You were in an ossuary.
You visited 1 branch of the dungeon, and saw 5 of its levels.
You also visited: Ossuary.

You collected 139 gold pieces.


Innate Abilities, Weirdness & Mutations

You have a beak for a mouth.
You have claws for feet.
Your magical nature lets you fly swiftly and evasively.
You are somewhat resistant to further mutation.


   Skills:
 - Level 3.0 Fighting
 + Level 7.3 Axes
 - Level 1.0 Throwing
 - Level 2.0 Armour
 - Level 2.1 Dodging
 - Level 2.0 Spellcasting
 - Level 2.4 Translocations


You had 10 spell levels left.
You didn't know any spells.
Your spell library contained the following spells:

 Spells                   Type           Power      Damage    Failure   Level
 Blink                    Tloc           14%        N/A       99%         2
 Gell's Gravitas          Tloc           7%         N/A       100%        3
 Lesser Beckoning         Tloc           7%         N/A       100%        3
 Teleport Other           Tloc           7%         N/A       100%        3
 Manifold Assault         Tloc           7%         N/A       100%        5

Inventory:

Hand Weapons
 l - a +0 hand axe of flaming
 Y - a +0 war axe (weapon)
Armour
 f - a +0 cloak (worn)
 h - a +0 chain mail (worn)
Scrolls
 i - a scroll of identify
Potions
 a - a potion of flight {unknown}
 c - a potion of haste
 d - 2 potions of cancellation
 e - a potion of might
 j - a potion of lignification {unknown}
 m - 2 potions of mutation

Dungeon Overview and Level Annotations

Branches:
Dungeon (5/15)            Ossuary (1/1)
 Temple: D:4-7

Altars:
Cheibriados
Elyvilon
Fedhas
Ru


Message History

The orc zombie barely misses you.
The gnoll zombie hits you but does no damage.
The kobold zombie barely misses you.
You slash the gnoll zombie!
You destroy the gnoll zombie!
You slash the orc zombie!
You destroy the orc zombie!
You hit the kobold zombie. The kobold zombie barely misses you.
You hit the kobold zombie. You claw the kobold zombie.
The kobold zombie is almost destroyed.
The kobold zombie completely misses you.
You slash the kobold zombie!
You destroy the kobold zombie! 2 mummies and a hobgoblin zombie come into view.
You hit the hobgoblin zombie. You claw the hobgoblin zombie.
You peck the hobgoblin zombie.
You destroy the hobgoblin zombie!
You have reached level 7!
You hit the mummy. Your kick misses the mummy.
You peck the mummy, but do no damage.
The mummy is moderately damaged.
You hit the mummy but do no damage. You barely miss the mummy.
Your kick misses the mummy.
The mummy is moderately damaged.
You hit the mummy but do no damage. The mummy hits you! x2
You hit the mummy but do no damage. You claw the mummy.
The mummy is moderately damaged.
You hit the mummy. The mummy barely misses you.
You hit the mummy. You claw the mummy.
The mummy is heavily damaged.
You hit the mummy. The mummy hits you!
5480 ||| READING scroll of teleportation.
As you read the scroll of teleportation, it crumbles to dust.
You feel strangely unstable. The mummy hits you!
You die...

...........
.........
........
......
#....#
#....#
#.MM.#
#.@..#
#....#
#....#
#....#
#....#
#.\\.#
######


You could see 2 mummies.

Vanquished Creatures
  An ogre (D:4)
  A hound (D:4)
  An orc priest (D:3)
  Jessica (D:3)
  2 iguanas (D:5)
  2 orc wizards (D:3)
  A mummy (D:5)
  Robin (D:3)
  4 adders
  A worm (D:4)
  3 dart slugs
  5 orcs (D:3)
  7 endoplasms
  3 giant cockroaches
  A gnoll zombie (Ossuary)
  14 hobgoblins
  9 kobolds
  A quokka (D:2)
  5 ball pythons
  5 bats
  4 frilled lizards
  11 goblins
  A goblin zombie (D:5)
  2 hobgoblin zombies (Ossuary)
  3 kobold zombies (Ossuary)
  An orc zombie (Ossuary)
  5 rats
95 creatures vanquished.

Notes
Turn   | Place    | Note
-------+----------+-------------------------------------------
     0 | D:1      | qw the Tengu Warper began the quest for the Orb.
     0 | D:1      | Reached XP level 1. HP: 12/12 MP: 4/4
     0 | D:1      | 0 ||| qw: Version: 0.1-a-89-g26bdef1
     0 | D:1      | 0 ||| qw: Game counter: 1032
     0 | D:1      | 0 ||| qw: Always use a shield: true
     0 | D:1      | 0 ||| qw: God list: Okawaru
     0 | D:1      | 0 ||| qw: Allow faded altars: false
     0 | D:1      | 0 ||| qw: Do Orc after D:15 true
     0 | D:1      | 0 ||| qw: Do second Lair branch before Depths: true
     0 | D:1      | 0 ||| qw: Lair rune preference: random
     0 | D:1      | 0 ||| qw: Plans: Normal
     0 | D:1      | 0 ||| PLANNING D:1-11
   141 | D:1      | 141 ||| Stepping ~*~*~tactically~*~*~ (stealth).
   183 | D:1      | Reached skill level 3 in Axes
   183 | D:1      | Reached XP level 2. HP: 17/17 MP: 6/6
   256 | D:1      | 256 ||| Stepping ~*~*~tactically~*~*~ (stealth).
   260 | D:1      | 260 ||| Stepping ~*~*~tactically~*~*~ (stealth).
   421 | D:1      | 421 ||| Stepping ~*~*~tactically~*~*~ (stealth).
   453 | D:1      | 453 ||| Stepping ~*~*~tactically~*~*~ (stealth).
   457 | D:1      | 457 ||| Stepping ~*~*~tactically~*~*~ (stealth).
   458 | D:1      | 458 ||| Stepping ~*~*~tactically~*~*~ (stealth).
   459 | D:1      | 459 ||| Stepping ~*~*~tactically~*~*~ (stealth).
   460 | D:1      | 460 ||| Stepping ~*~*~tactically~*~*~ (stealth).
   462 | D:1      | 462 ||| Stepping ~*~*~tactically~*~*~ (stealth).
   463 | D:1      | 463 ||| Stepping ~*~*~tactically~*~*~ (stealth).
   475 | D:1      | 475 ||| Stepping ~*~*~tactically~*~*~ (stealth).
   480 | D:1      | 480 ||| Stepping ~*~*~tactically~*~*~ (stealth).
   481 | D:1      | 481 ||| Stepping ~*~*~tactically~*~*~ (stealth).
   489 | D:1      | 489 ||| Stepping ~*~*~tactically~*~*~ (stealth).
   943 | D:1      | Found a faded altar of an unknown god.
  1365 | D:1      | 1365 ||| UPGRADING to +0 cloak.
  1370 | D:1      | 1370 ||| READING scroll labelled YBAGUR MORRA.
  1375 | D:1      | 1375 ||| READING scroll labelled LOEBEICWUV.
  1376 | D:1      | 1376 ||| READING 2 scrolls labelled FAURRA FEMI.
  1377 | D:1      | 1377 ||| READING 2 scrolls labelled QIOKLU GIX.
  1378 | D:1      | 1378 ||| READING scroll labelled VEOS JIAPRILLESH.
  1379 | D:1      | 1379 ||| DROPPING scroll of blinking.
  1380 | D:1      | 1380 ||| DROPPING scroll of magic mapping.
  1446 | D:2      | Reached XP level 3. HP: 21/21 MP: 7/7
  1567 | D:2      | Reached skill level 4 in Axes
  2384 | D:2      | 2384 ||| DROPPING +6 ring of intelligence.
  2385 | D:2      | 2385 ||| READING scroll labelled FAKKEU DYGYEMUY.
  2386 | D:2      | 2386 ||| READING 3 scrolls of identify.
  2386 | D:2      | 2386 ||| IDENTIFYING amethyst potion
  2387 | D:2      | 2387 ||| READING 2 scrolls of identify.
  2387 | D:2      | 2387 ||| IDENTIFYING emerald potion
  2388 | D:2      | 2388 ||| READING scroll of teleportation.
  2436 | D:3      | Noticed Jessica
  2437 | D:3      | 2437 ||| Stepping ~*~*~tactically~*~*~ (hiding).
  2457 | D:3      | 2457 ||| Stepping ~*~*~tactically~*~*~ (hiding).
  2458 | D:3      | 2458 ||| Stepping ~*~*~tactically~*~*~ (hiding).
  2460 | D:3      | 2460 ||| Stepping ~*~*~tactically~*~*~ (stealth).
  2467 | D:3      | Killed Jessica
  2468 | D:3      | Reached skill level 5 in Axes
  2468 | D:3      | Reached XP level 4. HP: 25/26 MP: 8/8
  2505 | D:3      | Noticed Robin
  2506 | D:3      | 2506 ||| Stepping ~*~*~tactically~*~*~ (hiding).
  2512 | D:3      | Killed Robin
  2534 | D:3      | 2534 ||| Stepping ~*~*~tactically~*~*~ (stealth).
  2542 | D:3      | Gained mutation: Your magical nature lets you fly swiftly
                  | and evasively. [Tengu growth]
  2542 | D:3      | Reached XP level 5. HP: 19/30 MP: 9/9
  2542 | D:3      | 2542 ||| FLEEEEING.
  2543 | D:3      | 2543 ||| FLEEEEING.
  2544 | D:3      | 2544 ||| FLEEEEING.
  2545 | D:3      | 2545 ||| FLEEEEING.
  2546 | D:3      | 2546 ||| FLEEEEING.
  2547 | D:3      | 2547 ||| FLEEEEING.
  2548 | D:3      | 2548 ||| FLEEEEING.
  2549 | D:3      | 2549 ||| FLEEEEING.
  2550 | D:3      | 2550 ||| FLEEEEING.
  2551 | D:3      | 2551 ||| FLEEEEING.
  2552 | D:3      | 2552 ||| FLEEEEING.
  2553 | D:3      | 2553 ||| FLEEEEING.
  2554 | D:3      | 2554 ||| FLEEEEING.
  2555 | D:3      | 2555 ||| FLEEEEING.
  2557 | D:3      | 2557 ||| FLEEEEING.
  2558 | D:3      | 2558 ||| FLEEEEING.
  2560 | D:3      | 2560 ||| FLEEEEING.
  2561 | D:3      | 2561 ||| FLEEEEING.
  2562 | D:3      | 2562 ||| FLEEEEING.
  2565 | D:3      | 2565 ||| FLEEEEING.
  2566 | D:3      | 2566 ||| FLEEEEING.
  2567 | D:3      | 2567 ||| FLEEEEING.
  2568 | D:3      | 2568 ||| FLEEEEING.
  2569 | D:3      | 2569 ||| FLEEEEING.
  2570 | D:3      | 2570 ||| FLEEEEING.
  2571 | D:3      | 2571 ||| FLEEEEING.
  2574 | D:3      | 2574 ||| FLEEEEING.
  2575 | D:3      | 2575 ||| FLEEEEING.
  2576 | D:3      | 2576 ||| FLEEEEING.
  2584 | D:3      | 2584 ||| FLEEEEING.
  2585 | D:3      | 2585 ||| FLEEEEING.
  2586 | D:3      | 2586 ||| FLEEEEING.
  2587 | D:3      | 2587 ||| STAIRDANCE
  2649 | D:2      | 2649 ||| READING scroll labelled NAMUCA NITUIFUAL.
  2757 | D:3      | Reached skill level 6 in Axes
  2928 | D:3      | 2928 ||| SWAPPING to +0 hand axe of flaming.
  2929 | D:3      | 2929 ||| DROPPING +0 flail.
  2930 | D:3      | 2930 ||| DROPPING +0 mace.
  2931 | D:3      | 2931 ||| DROPPING +1 hand axe.
  2958 | D:3      | 2958 ||| Stepping ~*~*~tactically~*~*~ (stealth).
  2966 | D:3      | 2966 ||| Stepping ~*~*~tactically~*~*~ (stealth).
  2968 | D:3      | 2968 ||| Stepping ~*~*~tactically~*~*~ (hiding).
  3350 | D:3      | Found a sacrificial altar of Ru.
  3564 | D:3      | Reached XP level 6. HP: 25/35 MP: 10/10
  3947 | D:3      | 3947 ||| UPGRADING to +0 chain mail.
  3957 | D:3      | 3957 ||| DROPPING +0 leather armour.
  3958 | D:3      | 3958 ||| DRINKING 2 sedimented ruby potions.
  3958 | D:3      | Gained mutation: You are somewhat resistant to further
                  | mutation. [potion of mutation]
  3959 | D:3      | 3959 ||| READING 2 scrolls of identify.
  3959 | D:3      | 3959 ||| IDENTIFYING metallic cyan potion
  3960 | D:3      | 3960 ||| DROPPING potion of degeneration.
  4011 | D:4      | Identified the +0 robe of the Pit {rPois Str+5}
  4266 | D:4      | 4266 ||| SWAPPING to +0 war axe.
  4275 | D:4      | 4275 ||| Stepping ~*~*~tactically~*~*~ (stealth).
  4276 | D:4      | 4276 ||| Stepping ~*~*~tactically~*~*~ (stealth).
  4287 | D:4      | 4287 ||| FLEEEEING.
  4291 | D:4      | 4291 ||| FLEEEEING.
  4292 | D:4      | 4292 ||| FLEEEEING.
  4293 | D:4      | 4293 ||| FLEEEEING.
  4294 | D:4      | 4294 ||| FLEEEEING.
  4295 | D:4      | 4295 ||| FLEEEEING.
  4296 | D:4      | 4296 ||| FLEEEEING.
  4297 | D:4      | 4297 ||| FLEEEEING.
  4298 | D:4      | 4298 ||| FLEEEEING.
  4300 | D:4      | 4300 ||| FLEEEEING.
  4301 | D:4      | 4301 ||| FLEEEEING.
  4302 | D:4      | 4302 ||| FLEEEEING.
  4304 | D:4      | 4304 ||| FLEEEEING.
  4305 | D:4      | 4305 ||| FLEEEEING.
  4306 | D:4      | 4306 ||| FLEEEEING.
  4307 | D:4      | 4307 ||| FLEEEEING.
  4308 | D:4      | 4308 ||| FLEEEEING.
  4310 | D:4      | 4310 ||| FLEEEEING.
  4311 | D:4      | 4311 ||| FLEEEEING.
  4312 | D:4      | 4312 ||| FLEEEEING.
  4313 | D:4      | 4313 ||| FLEEEEING.
  4314 | D:4      | 4314 ||| FLEEEEING.
  4315 | D:4      | 4315 ||| FLEEEEING.
  4316 | D:4      | 4316 ||| FLEEEEING.
  4317 | D:4      | 4317 ||| STAIRDANCE
  4413 | D:3      | 4413 ||| READING scroll labelled CEDODICAU.
  4414 | D:3      | 4414 ||| READING scroll labelled DIEXTUIWAY.
  4415 | D:3      | 4415 ||| READING scroll labelled TEM PAGOSUT.
  4416 | D:3      | 4416 ||| READING 2 scrolls of identify.
  4416 | D:3      | 4416 ||| IDENTIFYING murky cyan potion
  4615 | D:4      | Reached skill level 7 in Axes
  4671 | D:4      | 4671 ||| FLEEEEING.
  4805 | D:4      | Found a snail-covered altar of Cheibriados.
  4805 | D:4      | Found a blossoming altar of Fedhas.
  4842 | D:4      | 4842 ||| Stepping ~*~*~tactically~*~*~ (stealth).
  4954 | D:4      | 4954 ||| DROPPING amulet of faith.
  4955 | D:4      | 4955 ||| DRINKING 2 glowing clear potions.
  4956 | D:4      | 4956 ||| DROPPING potion of attraction.
  4976 | D:5      | Entered Level 5 of the Dungeon
  4976 | D:5      | Found a white marble altar of Elyvilon.
  4977 | D:5      | 4977 ||| PLANNING OSSUARY
  4983 | D:5      | 4983 ||| STAIRDANCE
  5069 | D:5      | 5069 ||| Stepping ~*~*~tactically~*~*~ (stealth).
  5152 | D:5      | 5152 ||| Stepping ~*~*~tactically~*~*~ (stealth).
  5384 | D:5      | Found a sand-covered staircase.
  5389 | D:5      | Reached skill level 3 in Fighting
  5449 | Ossuary  | Entered an ossuary
  5475 | Ossuary  | Reached XP level 7. HP: 41/41 MP: 11/11
  5479 | Ossuary  | HP: 6/41 [mummy (10)]
  5480 | Ossuary  | 5480 ||| READING scroll of teleportation.
  5480 | Ossuary  | Slain by a mummy

Levels and vault maps discovered:
D:1:      lightli_arrival_statue_moat, layout_loops_ring,
          nicolae_ecumenical_lake_church, st_stairs_6
D:2:      layout_loops_ring, amcnicky_mini_pool_small
D:3:      layout_basic, lemuel_tele_altar, uniq_jessica, uniq_robin
D:4:      layout_loops_cross, gammafunk_temple_overflow_statue
D:5:      layout_loops_ring, nicolae_qazlal_scattered_showers,
          mainiacjoe_overflow_small_starburst, nicolae_ossuary_entry_giza,
          minmay_shop_damaged, uniq_ijyb, uniq_duvessa
Ossuary:  ossuary_tomb_3

Skill      XL: |  1  2  3  4  5  6 |
---------------+-------------------+-----
Axes           | 3 5 6 7 |  7.3
Armour         | 2 |  2.0
Fighting       | 3 |  3.0
Throwing       | |  1.0
Dodging        | |  2.1
Spellcasting   | |  2.0
Translocations | |  2.4

Action                   |  1- 3 |  4- 6 |  7- 9 || total
-------------------------+-------+-------+-------++-------
Melee: Hand axe          |   106 |    74 |       ||   180
       Kick              |    23 |    32 |     2 ||    57
       Peck              |    12 |    21 |     1 ||    34
       Punch             |     1 |       |       ||     1
       War axe           |       |    40 |     4 ||    44
Throw: Boomerang         |    13 |    45 |       ||    58
  Use: Scroll            |     9 |     6 |     1 ||    16
       Potion            |       |     2 |       ||     2
 Stab: Sleeping          |     1 |       |       ||     1
Armor: Leather armour    |    34 |     8 |       ||    42
       Chain mail        |       |    19 |       ||    19
Dodge: Dodged            |    50 |    41 |     1 ||    92

Table legend:
 A = Non-vault XP
 B = Vault XP
 C = Vault XP percentage of total XP
 D = Non-vault monster count
 E = Vault monster count
 F = Vault count percentage of total count
                 A         B        C        D         E       F
            +---------+---------+-------+---------+---------+-------
      Total |     516 |     101 |  16.4 |      72 |      23 |  24.2
            +---------+---------+-------+---------+---------+-------
        D:1 |      30 |       3 |   9.1 |      19 |       2 |   9.5
        D:2 |      48 |       0 |   0.0 |      20 |       0 |   0.0
        D:3 |     171 |      71 |  29.3 |      19 |      12 |  38.7
        D:4 |     182 |       0 |   0.0 |      11 |       0 |   0.0
        D:5 |      85 |      19 |  18.3 |       3 |       2 |  40.0
    Ossuary |       0 |       8 | 100.0 |       0 |       7 | 100.0
            +---------+---------+-------+---------+---------+-------
